 Dungeon Crawl Stone Soup version 0.23.2-40-g277498a001 (webtiles) character file.

Game seed: 6238141442368267187

41 Martska the Chiller (level 3, 0/27 HPs)
             Began as a Merfolk Ice Elementalist on Oct 24, 2019.
             Slain by an adder (2 damage)
             ... on level 1 of the Dungeon.
             The game lasted 00:05:22 (1463 turns).

Martska the Chiller (Merfolk Ice Elementalist)      Turns: 1463, Time: 00:05:23

Health: 0/27       AC:  4    Str:  8    XL:     3   Next: 52%
Magic:  0/6        EV: 12    Int: 14    God:
Gold:   98         SH:  3    Dex: 15    Spells: 3/6 levels left

rFire    . . .     SeeInvis .   g - +0 dagger
rCold    . . .     Gourm    .   k - +0 buckler (curse)
rNeg     . . .     Faith    .   d - +0 leather armour
rPois    .         Spirit   .   e - +0 helmet (curse)
rElec    .         Reflect  .   (no cloak)
rCorr    .         Harm     .   l - -1 pair of gloves (curse)
MR       +....                  (no boots)
Stlth    ++........             (no amulet)
HPRegen  0.09/turn              f - ring of protection from magic
MPRegen  0.10/turn              (no ring)

@: lethally poisoned (0 -> -5)
A: change form in water, swift swim, stealthy swim
a: no special abilities


You were on level 1 of the Dungeon.
You were hungry.

You visited 1 branch of the dungeon, and saw 2 of its levels.

You collected 98 gold pieces.

Inventory:

Hand Weapons
 g - a +0 dagger (weapon)
Missiles
 j - 4 poisoned needles
Armour
 a - a +0 robe
 d - a +0 leather armour (worn)
 e - a cursed +0 helmet (worn)
 k - a cursed +0 buckler (worn)
 l - a cursed -1 pair of gloves (worn)
Jewellery
 f - a ring of protection from magic (left hand)
Scrolls
 n - a scroll of teleportation {unknown}
Potions
 b - a potion of invisibility {unknown}
 h - a potion of curing {unknown}
 i - a potion of ambrosia {unknown}
 m - a potion of cancellation {unknown}
Comestibles
 c - 5 rations


   Skills:
 * Level 1.8 Fighting
 * Level 3.5 Dodging
 + Level 2.6 Stealth
 + Level 2.1 Spellcasting
 - Level 0.7 Conjurations
 + Level 3.5 Ice Magic


You had 3 spell levels left.
You knew the following spells:

 Your Spells              Type           Power        Failure   Level  Hunger
a - Freeze                Ice            ##..         14%         1    #......
b - Throw Frost           Conj/Ice       #.....       36%         2    ###....

Your spell library contained the following spells:

 Spells                   Type           Power        Failure   Level  Hunger
 Ozocubu's Armour         Chrm/Ice       #.......     63%         3    ###....
 Throw Icicle             Conj/Ice       #.......     94%         4    #####..
 Summon Ice Beast         Ice/Summ       #.......     95%         4    #####..


Dungeon Overview and Level Annotations

Branches:
Dungeon (2/15)

Altars:


Message History

* * * LOW HITPOINT WARNING * * *
You feel sick. The adder bites you.
* * * LOW HITPOINT WARNING * * *
Casting: Freeze (safe; 14% risk of failure)
Confirm with . or Enter, or press ? or * to list all spells.
Aiming: Freeze (safe; 14% risk of failure)
Press: ? - help, Shift-Dir - straight line, f/p - adder
Aim: an adder (moderately wounded, slow)
You freeze the adder.
The adder is severely wounded.
The adder misses you.
You hit the adder but do no damage.
The adder is severely wounded.
* * * LOW HITPOINT WARNING * * *
You feel sick. The adder bites you but does no damage.
You miss the adder.
The adder is severely wounded.
* * * LOW HITPOINT WARNING * * *
You feel sick. The adder bites you.
You die...

### ###########.#
#...........#
###########.# #.# #.# ##
#.# #.
#.#################.
#.#@S.............'.
#.#.###############.
##########.#.# #.
#..........#.#########
#.
#.#####...#..........#
#. #.# #...#..........#
#. #.#
#...#..........########
#.#
##...##.##########......
#.#
#....##.##########......


You could see an adder.

Vanquished Creatures
  2 oozes (D:1)
  A worm (D:2)
  A dart slug (D:1)
  A leopard gecko (D:1)
  3 hobgoblins (D:1)
  3 jackals (D:1)
  2 kobolds (D:1)
  4 bats
  2 frilled lizards (D:1)
  6 goblins
  2 rats (D:1)
27 creatures vanquished.

Notes
Turn   | Place    | Note
-------+----------+-------------------------------------------
     0 | D:1      | Martska the Merfolk Ice Elementalist began the quest for
                  | the Orb.
     0 | D:1      | Reached XP level 1. HP: 13/13 MP: 3/3
   382 | D:1      | Reached XP level 2. HP: 20/20 MP: 0/5
   731 | D:1      | Learned a level 2 spell: Throw Frost
   882 | D:1      | Reached skill level 1 in Fighting
  1012 | D:1      | Reached XP level 3. HP: 21/26 MP: 0/6
  1463 | D:1      | Slain by an adder

Skill      XL: |  1  2 |
---------------+-------+-----
Dodging        | 3 |  3.5
Fighting       | 1 |  1.8
Stealth        | |  2.6
Spellcasting   | |  2.1
Conjurations   | |  0.7
Ice Magic      | |  3.5

Action                   || total
-------------------------++-------
Melee: Unarmed           ||    22
       Dagger            ||    31
 Cast: Freeze            ||    36
       Throw Frost       ||     4
 Stab: Sleeping          ||     3
  Eat: Chunk             ||     2
Armor: Leather armour    ||    17
       Robe              ||     3
Dodge: Dodged            ||    60
Block: Buckler           ||     3
